 Dungeon Crawl Stone Soup version 0.21-a0-286-g6fcecc0 (webtiles) character file.

117665 JackS81 the Bludgeoner (level 17, -13/140 HPs)
             Began as a Formicid Fighter on Sept 24, 2017.
             Was a High Priest of Okawaru.
             Killed from afar by Nikola (24 damage)
             ... with a chain lightning
             ... on level 1 of the Swamp on Sept 28, 2017.
             The game lasted 03:13:10 (30379 turns).

JackS81 the Bludgeoner (Formicid Fighter)          Turns: 30379, Time: 03:13:11

Health: -13/140    AC: 24    Str: 32    XL:     17   Next: 29%
Magic:  0/22       EV: 11    Int: 15    God:    Okawaru [*****.]
Gold:   2591       SH: 26    Dex: 12    Spells: 16/16 levels left

rFire    + + .     SeeInvis +   K - +4 great mace (protect)
rCold    + + .     Gourm    .   A - +1 large shield {AC+3}
rNeg     . . .     Faith    .   D - +1 plate armour "Feqoahas" {Str+3 Int+3}
rPois    .         Spirit   +   (helmet unavailable)
rElec    .         Reflect  .   e - scarf {rC+ rF+}
rCorr    .         Harm     .   H - +0 pair of gloves {Str+3}
MR       +....     Clarity  +   (no boots)
Stlth    ..........             E - amulet of guardian spirit
HPRegen  0.33/turn              k - ring of protection from fire
MPRegen  0.18/turn              J - ring of protection from cold

@: heroism, finesse
A: permanent stasis, dig shafts and tunnels, four strong arms, antennae 3, thin
skeletal structure 1, clarity, clever 1
a: Dig, Shaft Self, Heroism, Finesse, Renounce Religion


You were on level 1 of the Swamp.
You worshipped Okawaru.
Okawaru was extremely pleased with you.
You were not hungry.

You visited 5 branches of the dungeon, and saw 25 of its levels.
You also visited: Sewer and Bailey.

You collected 2591 gold pieces.

Inventory:

Hand Weapons
 s - a +2 dire flail of protection
 w - a +1 triple crossbow of freezing
 F - the +3 whip "Cikofyfi" {protect, Stlth+}
   (You found it on level 6 of the Dungeon)

   It protects the one who uses it against injury (+AC on strike).
   It makes you more stealthy.
 K - a +4 great mace of protection (weapon)
 T - the cursed +3 battleaxe "Lenocy" {speed, Int+5 Dex-2, unknown}
   (You took it off a necromancer on level 13 of the Dungeon)

   Attacks with this weapon are significantly faster.
   It affects your intelligence (+5).
   It affects your dexterity (-2).
   It has a curse placed upon it.
 Y - a +0 dire flail of crushing
Missiles
 h - 34 tomahawks (quivered)
 l - 115 bolts
Armour
 d - a +2 scale mail of magic resistance
 e - a scarf of resistance (worn)
 g - a +0 plate armour of poison resistance
 A - a +1 large shield of protection (worn)
 D - the +1 plate armour "Feqoahas" (worn) {Str+3 Int+3}
   (You found it on level 6 of the Lair of Beasts)

   It affects your strength (+3).
   It affects your intelligence (+3).
 H - a +0 pair of gloves of strength (worn)
 I - the +4 chain mail of Pragmatism {-Cast +Inv Regen+ Dex+3}
   (Okawaru gifted it to you on level 5 of the Lair of Beasts)

   It affects your dexterity (+3).
   It lets you turn invisible.
   It prevents spellcasting.
   It increases your rate of regeneration.
 N - a +0 crystal plate armour
 O - the +0 shield of the Moon {rN++ Regen+ Int-3 Stlth-}
   (You found it on level 8 of the Dungeon)

   It affects your intelligence (-3).
   It greatly protects you from negative energy.
   It increases your rate of regeneration.
   It makes you less stealthy.
Jewellery
 b - an uncursed ring of resist corrosion
 k - a ring of protection from fire (left hand)
 y - an uncursed ring of protection from fire
 E - an amulet of guardian spirit (around neck)
 J - a ring of protection from cold (right hand)
Wands
 c - a wand of disintegration (6/24)
 n - a wand of iceblast (4/15)
 v - a wand of clouds (5/9)
 B - a wand of paralysis (14/24)
 L - a wand of polymorph (5/24)
 M - a wand of digging (14/24)
 Q - a wand of lightning (10/15)
 U - a wand of flame (22/48)
Scrolls
 a - 2 scrolls of remove curse
 m - 3 scrolls of recharging
 u - 2 scrolls of magic mapping
 C - 8 scrolls of enchant armour
 G - 7 scrolls of enchant weapon
 P - a scroll of fear
 V - a scroll of holy word
 W - 5 scrolls of summoning
 X - a scroll of identify
Potions
 i - 3 potions of heal wounds
 p - 14 potions of curing
 q - 6 potions of agility
 t - 3 potions of might
 x - 3 potions of lignification
 z - 6 potions of flight
 R - a potion of cancellation
 S - a potion of invisibility
 Z - a potion of brilliance
Comestibles
 f - 13 bread rations
 j - 11 meat rations
 o - 11 royal jellies
 r - 29 fruits


   Skills:
 + Level 14.4(19.4) Fighting
 + Level 16.4(21.4) Maces & Flails
 * Level 6.0(11.0) Crossbows
 * Level 14.6(19.6) Armour
 - Level 15.2(20.2) Shields
 - Level 7.3 Invocations


You had 16 spell levels left.
You didn't know any spells.

Dungeon Overview and Level Annotations

Branches:
Dungeon (15/15)            Temple (1/1) D:6            Lair (6/6) D:9
  Swamp (1/4) Lair:2       Spider (0/4) Lair:2        Slime (0/5) Lair:5
    Orc (2/2) D:12            Elf (0/3) Orc:2        Vaults (0/5) D:14
 Depths (0/5) D:15

Altars:
Ashenzari
Cheibriados
Dithmenos
Elyvilon
Fedhas
Gozag
Hepliaklqana
Kikubaaqudgha
Makhleb
Nemelex Xobeh
Okawaru
Qazlal
Ru
Sif Muna
Trog
Uskayaw
Vehumet
Wu Jian
Xom
Yredelemnul
Zin
The Shining One

Shops:
D:14 =   Orc:2 ((==

Annotations:
D:8 exclusion: oklob sapling
Lair:3 exclusion: 3 oklob plants
Swamp:1 Nikola


Innate Abilities, Weirdness & Mutations

You cannot be hasted, slowed, berserked, paralysed or teleported.
You can dig through walls and to a lower floor.
Your four strong arms can wield two-handed weapons with a shield.
You have a pair of large antennae on your head. (SInv)
You have a somewhat thin skeletal structure. (Dex +2, Stealth)
You possess an exceptional clarity of mind.
Your mind is acute. (Int +2)


Message History

An insubstantial wisp comes into view.
The insubstantial wisp gives a chilling moan.
You hear a loud, deep croak! x2; You hear a croak. x4
You hear a loud, deep croak!
You feel much better.
The insubstantial wisp hits you but does no damage.
You feel much better.
You block the insubstantial wisp's attack.
Nikola mumbles some strange words.
You hear a mighty clap of thunder!
The lightning arc hits you!
* * * LOW HITPOINT WARNING * * *
The lightning arc hits the insubstantial wisp.
The insubstantial wisp completely resists.
The lightning arc hits you!
* * * LOW HITPOINT WARNING * * *
The lightning arc hits the insubstantial wisp.
The insubstantial wisp completely resists.
The lightning arc hits Nikola.
The lightning arc hits you!
You die...

.≈≈≈≈.......♣♣♣.≈♣≈>.
.≈≈≈≈..≈≈.§≈...≈≈.§♣
≈≈≈.......≈≈..≈≈≈≈.♣ ♣≈
.≈≈≈..≈♣.♣§.♣.≈≈≈.♣♣ ♣♣..
♣♣♣♣..≈≈♣♣♣♣♣.≈≈.♣♣ ♣≈...
≈≈♣♣♣..♣♣ ♣§.♣♣♣ ♣≈.≈≈≈
≈......♣ ♣♣.≈.♣♣≈..≈≈≈
......≈♣ ♣.......≈≈≈≈
.....♣♣♣ ♣.≈@v≈≈≈v...
♣..≈.♣♣♣♣ ♣≈≈≈@≈≈≈≈.≈♣
≈.≈≈....♣♣k ♣.≈≈≈.≈≈≈§♣≈≈
♣....≈≈≈...≈≈........%...
♣♣.≈≈≈≈≈≈≈.≈≈≈≈♣♣♣♣♣..≈≈≈
♣.≈≈≈≈≈≈≈.≈≈≈♣≈ .≈≈≈≈
♣≈........§(. ♣ !.≈≈
♣♣♣♣♣♣...≈..♣ .≈.≈ ##.#.
...


You could see Nikola and 2 insubstantial wisps.

Vanquished Creatures
  Kirke (Lair:3)
  Agnes (D:15)
  A frost giant (D:14)
  A stone giant (D:14)
  Azrael (D:14)
  A deep elf annihilator (D:13)
  2 ettins
  A yaktaur captain (D:13)
  Josephine (D:15)
  Erolcha (D:10)
  A deep elf high priest (D:14)
  A fire dragon (Lair:6)
  A vault guard (D:14)
  10 hydras
  A catoblepas (Lair:6)
  A death knight (D:15)
  The ghost of Jor the Unseen, a journeyman SpEn of Dithmenos (D:13)
  8 two-headed ogres
  2 centaur warriors
  20 death yaks
  5 orc high priests (Orc:2)
  Sonja (D:10)
  Urug (D:14)
  3 unseen horrors
  A deep troll (D:15)
  2 deep elf archers (D:15)
  A lindwurm (Lair:6)
  2 deep elf magi
  11 orc knights
  A necromancer (D:13)
  6 ugly things
  2 cyclopes
  2 manticores
  6 elephants (Lair:5)
  7 black mambas
  A torpor snail (Lair:5)
  9 spiny frogs
  2 molten gargoyles (Lair:6)
  4 gargoyles
  A centaur skeleton (D:15)
  A rime drake (Lair:3)
  15 komodo dragons
  An efreet (D:13)
  A yaktaur (D:15)
  8 trolls
  2 hornets
  2 polar bears
  A harpy skeleton (D:15)
  2 tyrant leeches (Lair:2)
  17 blink frogs
  9 hippogriffs
  5 slime creatures
  6 dream sheep (Lair:6)
  A meliai zombie (D:15)
  9 wraiths
  3 redbacks (Lair:2)
  42 yaks
  3 water elementals (D:15)
  2 hogs (Lair:3)
  2 wyverns (Lair:6)
  2 fire elementals (D:14)
  A hungry ghost (D:10)
  3 steam dragons (Lair:6)
  4 vampire mosquitoes (D:14)
  7 basilisks
  8 insubstantial wisps (Swamp:1)
  2 wargs (Orc:1)
  3 swamp worms
  A soldier ant (D:12)
  An acid dragon (D:14)
  A soldier ant (shapeshifter) (D:15)
  8 hell hounds
  Duvessa (D:7)
  17 water moccasins
  4 porcupines
  2 sky beasts
  43 orc warriors
  2 black bears
  A necrophage (D:12)
  4 swamp drakes (Swamp:1)
  2 eyes of draining
  3 ice beasts
  3 phantoms
  A hornet zombie (D:8)
  10 ogres
  15 centaurs
  53 wolves
  12 crocodiles
  6 big kobolds
  4 gnoll sergeants
  22 bullfrogs
  A wyvern zombie (D:7)
  2 wyvern skeletons
  Dowan (D:7)
  A water moccasin skeleton (D:6)
  8 scorpions
  7 killer bees
  A howler monkey (D:5)
  8 wights
  7 electric eels
  4 bullfrog zombies
  4 crimson imps
  5 lava snakes (Lair:6)
  6 jellies
  A quasit (D:14)
  3 centaur zombies
  5 hounds
  22 orc wizards
  2 bullfrog skeletons
  27 orc priests
  A gnoll shaman (D:6)
  Jessica (D:2)
  6 iguanas
  11 worker ants
  A hound zombie (D:5)
  A hound skeleton (D:4)
  25 gnolls
  A howler monkey skeleton (D:6)
  3 river rats
  2 worker ant zombies
  16 adders
  5 shadow imps
  14 oozes
  An adder zombie (D:6)
  4 worms
  3 dart slugs
  9 leopard geckos
  120 orcs
  7 ball pythons
  6 giant cockroaches
  6 goblins
  5 hobgoblins
  17 jackals
  24 kobolds
  4 quokkas
  5 bats
  10 frilled lizards
  A jackal zombie (D:6)
  A leopard gecko skeleton (D:9)
  16 rats
  A bush (Lair:6)
  6 fungi
  A plant (Lair:6)
952 creatures vanquished.

Vanquished Creatures (others)
  An unseen horror (D:13)
  A human (Lair:3)
  2 bushes (Lair:5)
  18 fungi
  18 plants
40 creatures vanquished.

Grand Total: 992 creatures vanquished

Notes
Turn   | Place    | Note
-------+----------+-------------------------------------------
     0 | D:1      | JackS81 the Formicid Fighter began the quest for the Orb.
     0 | D:1      | Reached XP level 1. HP: 18/18 MP: 1/1
    92 | D:1      | Reached XP level 2. HP: 24/24 MP: 2/2
   187 | D:1      | Reached skill level 3 in Maces & Flails
   431 | D:1      | Reached XP level 3. HP: 27/29 MP: 3/3
   921 | D:2      | Noticed Jessica
   927 | D:2      | Killed Jessica
   927 | D:2      | Reached skill level 4 in Maces & Flails
   927 | D:2      | Reached XP level 4. HP: 30/35 MP: 4/4
  1305 | D:2      | Found an opulent altar of Gozag.
  1391 | D:2      | Reached XP level 5. HP: 36/41 MP: 5/5
  1430 | D:2      | Reached skill level 5 in Maces & Flails
  1841 | D:3      | Reached XP level 6. HP: 6/47 MP: 6/6
  2451 | D:3      | Reached skill level 6 in Maces & Flails
  2881 | D:4      | Reached XP level 7. HP: 32/52 MP: 7/7
  2905 | D:4      | Found a basalt altar of Yredelemnul.
  3425 | D:4      | Reached skill level 7 in Maces & Flails
  3519 | D:5      | Entered Level 5 of the Dungeon
  3557 | D:5      | Found an ornate altar of the Wu Jian Council.
  3557 | D:5      | Found a stormy altar of Qazlal.
  3797 | D:5      | Found a glowing drain.
  3801 | Sewer    | Entered a sewer
  3928 | Sewer    | Found a white marble altar of Elyvilon.
  4018 | D:5      | Found a snail-covered altar of Cheibriados.
  4093 | D:5      | Reached XP level 8. HP: 58/58 MP: 8/8
  4162 | D:5      | Found a white marble altar of Elyvilon.
  4869 | D:6      | Found a staircase to the Ecumenical Temple.
  4877 | D:6      | Reached skill level 8 in Maces & Flails
  4877 | D:6      | Reached skill level 5 in Shields
  4922 | D:6      | Got a brightly glowing whip
  4929 | Temple   | Entered the Ecumenical Temple
  5279 | D:6      | Identified the +3 whip "Cikofyfi" {protect, Stlth+} (You found it on level 6 of the Dungeon)
  5459 | D:6      | Reached skill level 9 in Maces & Flails
  5468 | D:6      | Found a shattered altar of Ashenzari.
  5496 | D:6      | Found a sacrificial altar of Ru.
  5953 | D:6      | Reached XP level 9. HP: 60/64 MP: 9/9
  6251 | D:7      | Noticed Duvessa
  6251 | D:7      | Noticed Dowan
  6392 | D:7      | Reached skill level 5 in Armour
  6424 | D:7      | Killed Duvessa
  6439 | D:7      | Killed Dowan
  6494 | D:7      | Found an iron altar of Okawaru.
  6505 | D:7      | Became a worshipper of Warmaster Okawaru
  6542 | D:7      | Reached skill level 10 in Maces & Flails
  6841 | D:7      | Reached * piety under Okawaru
  7012 | D:7      | Found a bloodstained altar of Trog.
  7079 | D:7      | Found a shadowy altar of Dithmenos.
  7132 | D:8      | Reached skill level 11 in Maces & Flails
  7143 | D:8      | Reached XP level 10. HP: 45/70 MP: 6/10
  7178 | D:8      | Reached ** piety under Okawaru
  7399 | D:8      | Got a pitted shield
  7410 | D:8      | Identified the cursed +0 shield of the Moon {rN++ Regen+ Int-3 Stlth-} (You found it on level 8 of the Dungeon)
  7665 | D:8      | Got a crude trident
  7761 | D:8      | Reached skill level 12 in Maces & Flails
  7835 | D:8      | Found a hide-covered altar of Uskayaw.
  8481 | D:8      | Found a blossoming altar of Fedhas.
  8550 | D:9      | Noticed a two-headed ogre
  8565 | D:9      | Killed a two-headed ogre
  8630 | D:9      | Upgraded the game from 0.21-a0-279-g6037ffb to 0.21-a0-286-g6fcecc0
  8732 | D:9      | Reached skill level 5 in Fighting
  8750 | D:9      | Noticed a two-headed ogre
  8784 | D:9      | Killed a two-headed ogre
  8784 | D:9      | Reached *** piety under Okawaru
  8784 | D:9      | Reached XP level 11. HP: 27/80 MP: 4/11
  8833 | D:9      | Reached skill level 1 in Invocations
  9038 | D:9      | Found a staircase to the Lair.
  9084 | D:9      | Found a glowing golden altar of the Shining One.
  9329 | D:10     | Entered Level 10 of the Dungeon
  9345 | D:10     | Reached **** piety under Okawaru
  9406 | D:10     | Reached skill level 10 in Shields
  9584 | D:10     | Noticed Erolcha
  9621 | D:10     | Killed Erolcha
  9642 | D:10     | Noticed Sonja
  9655 | D:10     | Killed Sonja
  9655 | D:10     | Reached ***** piety under Okawaru
 10509 | Lair:1   | Entered Level 1 of the Lair of Beasts
 11027 | Lair:1   | Reached XP level 12. HP: 70/92 MP: 11/13
 11316 | Lair:1   | Received a gift from Okawaru
 12360 | Lair:2   | Found a staircase to the Swamp.
 12932 | Lair:2   | Found a hole to the Spider Nest.
 13700 | Lair:3   | Noticed a five-headed hydra
 13728 | Lair:3   | Killed a five-headed hydra
 13962 | Lair:3   | Reached XP level 13. HP: 99/102 MP: 15/15
 14016 | Lair:3   | Reached skill level 10 in Armour
 14464 | Lair:3   | Reached skill level 10 in Fighting
 14492 | Lair:3   | Noticed a seven-headed hydra
 14509 | Lair:3   | Killed a seven-headed hydra
 14509 | Lair:3   | Reached ****** piety under Okawaru
 14509 | Lair:3   | Received a gift from Okawaru
 14850 | Lair:3   | Noticed a five-headed hydra
 14888 | Lair:3   | Killed a five-headed hydra
 15137 | Lair:4   | Noticed Kirke
 15200 | Lair:3   | Noticed a sphinx
 15245 | Lair:3   | Noticed a sphinx
 15245 | Lair:3   | Killed Kirke
 15275 | Lair:4   | Noticed an eight-headed hydra
 15300 | Lair:4   | Killed an eight-headed hydra
 15656 | Lair:4   | Reached skill level 13 in Maces & Flails
 15979 | Lair:4   | Reached skill level 15 in Shields
 16924 | Lair:5   | Received a gift from Okawaru
 16925 | Lair:5   | Got a translucent chain mail {god gift}
 16936 | Lair:5   | Identified the +4 chain mail of Pragmatism {-Cast +Inv Regen+ Dex+3} (Okawaru gifted it to you on level 5 of the Lair of Beasts)
 17150 | Lair:5   | Reached XP level 14. HP: 111/111 MP: 16/16
 17485 | Lair:5   | Found a staircase to the Slime Pits.
 17877 | Lair:5   | Reached skill level 5 in Invocations
 18137 | Lair:6   | Entered Level 6 of the Lair of Beasts
 18813 | Lair:6   | Received a gift from Okawaru
 18955 | Lair:6   | Reached skill level 14 in Maces & Flails
 19058 | Lair:6   | Reached XP level 15. HP: 113/120 MP: 17/20
 19134 | Lair:6   | Got a dazzling plate armour
 19135 | Lair:6   | Identified the +1 plate armour "Feqoahas" {Str+3 Int+3} (You found it on level 6 of the Lair of Beasts)
 19207 | Lair:6   | Received a gift from Okawaru
 20056 | Lair:6   | Found a large runed door.
 20057 | Lair:6   | Found a large runed door.
 20829 | D:11     | Received a gift from Okawaru
 21057 | D:11     | Reached skill level 1 in Crossbows
 21722 | D:12     | Found a staircase to the Orcish Mines.
 22809 | D:13     | Received a gift from Okawaru
 23355 | D:13     | Got an ichor-stained battleaxe {speed}
 23598 | D:13     | Noticed Jor's ghost (journeyman SpEn)
 23628 | D:13     | Killed Jor's ghost
 23628 | D:13     | Reached skill level 15 in Maces & Flails
 23995 | D:14     | Reached XP level 16. HP: 130/130 MP: 21/21
 24097 | D:14     | Noticed Urug
 24107 | D:14     | Killed Urug
 24107 | D:14     | Received a gift from Okawaru
 24109 | D:14     | Gained mutation: Your mind is acute. (Int +2) [potion of mutation]
 24109 | D:14     | Gained mutation: You have a somewhat thin skeletal structure. (Dex +2, Stealth) [potion of mutation]
 24109 | D:14     | Gained mutation: You possess an exceptional clarity of mind. [potion of mutation]
 24192 | D:14     | Noticed Azrael
 24228 | D:14     | Killed Azrael
 24257 | D:14     | Noticed a frost giant
 24277 | D:14     | Killed a frost giant
 25012 | D:14     | Found a gate to the Vaults.
 25246 | D:14     | Found Hoaxky's Jewellery Boutique.
 25505 | D:15     | Entered Level 15 of the Dungeon
 25820 | D:15     | Found a staircase to the Depths.
 25864 | D:15     | Noticed Josephine
 25881 | D:15     | Killed Josephine
 25881 | D:15     | Received a gift from Okawaru
 25954 | D:15     | Found a shadowy altar of Dithmenos.
 26062 | D:15     | Noticed Agnes
 26079 | D:15     | Killed Agnes
 26310 | D:15     | Reached skill level 5 in Crossbows
 27213 | Orc:1    | Entered Level 1 of the Orcish Mines
 27633 | Orc:1    | Found a flagged portal.
 27642 | Bailey   | Entered a bailey
 27857 | Bailey   | Reached skill level 16 in Maces & Flails
 28291 | Orc:2    | Entered Level 2 of the Orcish Mines
 28579 | Orc:2    | Found a staircase to the Elven Halls.
 28603 | Orc:2    | Received a gift from Okawaru
 28603 | Orc:2    | Reached XP level 17. HP: 133/138 MP: 20/22
 28906 | Orc:2    | Received a gift from Okawaru
 29816 | Orc:2    | Found Mitwao's Jewellery Shoppe.
 29816 | Orc:2    | Found Kehechiedo's Antique Weapon Shoppe.
 29817 | Orc:2    | Found Wydwobbe's Jewellery Shoppe.
 29817 | Orc:2    | Found Movin's Antique Weapon Emporium.
 30134 | Swamp:1  | Entered Level 1 of the Swamp
 30352 | Swamp:1  | Noticed Nikola
 30377 | Swamp:1  | HP: 7/140 [Nikola/chain lightning (37)]
 30379 | Swamp:1  | Killed from afar by Nikola

Vault maps used:
D:1:      ncdulo_halloftheorcs, minmay_pentomino_s2
D:2:      overflow_temple_1_default, uniq_jessica
D:3:      serial_aquarium, aquarium_bridge_square, aquarium_bridge_square,
          aquarium_window_2, aquarium_window_double, aquarium_window_1,
          aquarium_view_2c, aquarium_view_2c, aquarium_pool_side,
          grunt_ministairs_7
D:4:      first_bread, yredelemnul_altar_generic
D:5:      nicolae_overflow_crystal_walls, cheibriados_altar_1, elyvilon_altar_4,
          gup_sewer_entry_bowl, basic_altar, enter_ossuary_1
D:6:      marbit_many_paths, nicolae_ru_sacrificial_ziggurat,
          minmay_temple_entry_glass, kb_rosetta
D:7:      okawaru_metal_pillars_1_2, lemuel_doored_altar, grunt_ogre_cave,
          bloody_trog, uniq_duvessa
D:8:      lemuel_crystal_altar, minmay_splitting_lines, introduction_to_nature_2
D:9:      lemuel_round_altar, lair_entry_dummy, kennysheep_nub
D:10:     uniq_erolcha, uniq_sonja
D:12:     kennysheep_orc_monster_closet_entryway
D:13:     minmay_mutant_horseshoe
D:14:     david_vaults_5, serial_column_ruins, column_ruins_square_small,
          column_ruins_columns_corner, column_ruins_open_medium,
          column_ruins_columns_dead_end, serial_shops,
          nicolae_shop_temple_entry_statues_fountains,
          hangedman_abyss_or_decor_passed, st_stairs_8, minmay_diamond_spiral,
          uniq_azrael, uniq_urug
D:15:     hangedman_depths_entry_civil_slaughter,
          nicolae_dithmenos_the_darkroom, uniq_josephine, uniq_agnes
Temple:   minmay_temple_forest_path
Lair:1:   grunt_megastairs_5
Lair:2:   lemuel_slime, minmay_swamp_entry_worms, spider_nest_entry_webs,
          lemuel_fruit_tree, infiniplex_staircase_pool
Lair:3:   cheibrodos_lair_caveside_slide, beast_lair_carwin_10,
          grunt_megastairs_4, minmay_lair_oklob_chamber
Lair:4:   grunt_forest_large_clearings, uniq_kirke
Lair:5:   slime_dummy, pond
Lair:6:   cheibrodos_lair_end_hotspot, lookout_lair_type, patterned_corridor
Swamp:1:  serial_swamp_ruin, evilmike_swamp_ruin_house_5,
          evilmike_swamp_ruin_house_6, swamp_pool5, uniq_frances, uniq_nikola
Orc:1:    enter_bailey_2
Orc:2:    st_orc_pillars, mines2_lemuel
Sewer:    sewer_kobolds
Bailey:   bailey_polearm_5, bailey

Skill      XL: |  1  2  3  4  5  6  7  8  9 10 11 12 13 14 15 16 17 |
---------------+----------------------------------------------------+-----
Maces & Flails | 3 4 5 6 7 9 11 12 13 14 15 16 | 16.4
Shields        | 4 5 6 9 11 13 15 | 15.2
Armour         | 4 6 7 9 10 12 13 14 | 14.6
Fighting       | 5 7 9 10 11 13 14 | 14.4
Invocations    | 2 3 6 7 |  7.3
Crossbows      | 3 5 6 |  6.0

Action                   |  1- 3 |  4- 6 |  7- 9 | 10-12 | 13-15 | 16-18 || total
-------------------------+-------+-------+-------+-------+-------+-------++-------
Melee: Flail             |   130 |   257 |   154 |       |       |       ||   541
       Whip              |       |       |   296 |  1418 |  1241 |       ||  2955
       Unarmed           |       |       |       |       |     1 |       ||     1
       Dire flail        |       |       |       |       |  1048 |   326 ||  1374
       Great mace        |       |       |       |       |       |   609 ||   609
Throw: Tomahawk          |       |       |       |    16 |    12 |    10 ||    38
       Javelin           |       |       |       |     2 |       |       ||     2
Invok: Heroism           |       |       |     2 |    12 |    15 |    12 ||    41
       Finesse           |       |       |       |       |     2 |     3 ||     5
 Abil: Dig               |       |       |       |     9 |    14 |     2 ||    25
Evoke: Wand              |       |       |       |     3 |     3 |     2 ||     8
  Use: Scroll            |       |     3 |     7 |    11 |     8 |     4 ||    33
       Potion            |       |     3 |       |    12 |     4 |     6 ||    25
 Stab: Invisible         |       |       |       |     2 |       |       ||     2
  Eat: Chunk             |       |     6 |    12 |    21 |    22 |    18 ||    79
       Fruit             |       |     1 |     2 |     7 |    10 |     5 ||    25
       Bread ration      |       |       |       |       |     1 |       ||     1
Armor: Scale mail        |    49 |   119 |   117 |   230 |    62 |       ||   577
       Skin              |       |       |       |    12 |       |       ||    12
       Plate armour      |       |       |       |       |   218 |   216 ||   434
       Chain mail        |       |       |       |       |    91 |       ||    91
Dodge: Dodged            |    39 |    66 |    95 |   197 |   212 |   132 ||   741
Block: Shield            |    56 |   125 |   150 |   296 |       |       ||   627
       Large shield      |       |       |       |   252 |  1325 |   803 ||  2380

Table legend:
 A = Spawn XP
 B = Non-spawn XP
 C = Spawn XP percentage of total XP
 D = Spawn monster count
 E = Non-spawn monster count
 F = Spawn count percentage of total count
 G = Total turns spent on level
                    A         B        C        D         E        F      G
               +---------+---------+-------+---------+---------+-------+---------
         Total |       0 |  168094 |   0.0 |       0 |     945 |   0.0 | 30379
               +---------+---------+-------+---------+---------+-------+---------
           D:1 |       0 |      43 |   0.0 |       0 |      25 |   0.0 |   871
           D:2 |       0 |     159 |   0.0 |       0 |      27 |   0.0 |   871
           D:3 |       0 |     179 |   0.0 |       0 |      31 |   0.0 |   872
           D:4 |       0 |     448 |   0.0 |       0 |      17 |   0.0 |   935
           D:5 |       0 |     183 |   0.0 |       0 |      12 |   0.0 |  1254
           D:6 |       0 |     950 |   0.0 |       0 |      26 |   0.0 |  1174
           D:7 |       0 |    1193 |   0.0 |       0 |      18 |   0.0 |   761
           D:8 |       0 |    2588 |   0.0 |       0 |      39 |   0.0 |  1458
           D:9 |       0 |    3489 |   0.0 |       0 |      28 |   0.0 |   925
          D:10 |       0 |    3878 |   0.0 |       0 |      36 |   0.0 |  1181
          D:11 |       0 |    3695 |   0.0 |       0 |      38 |   0.0 |   869
          D:12 |       0 |    5224 |   0.0 |       0 |      50 |   0.0 |   977
          D:13 |       0 |   10814 |   0.0 |       0 |      29 |   0.0 |  1400
          D:14 |       0 |   16554 |   0.0 |       0 |      48 |   0.0 |  1545
          D:15 |       0 |   21238 |   0.0 |       0 |      44 |   0.0 |  1655
        Lair:1 |       0 |    5343 |   0.0 |       0 |      26 |   0.0 |  1569
        Lair:2 |       0 |    4608 |   0.0 |       0 |      37 |   0.0 |  1247
        Lair:3 |       0 |   15633 |   0.0 |       0 |      57 |   0.0 |  1870
        Lair:4 |       0 |    4578 |   0.0 |       0 |      32 |   0.0 |  1443
        Lair:5 |       0 |   12090 |   0.0 |       0 |      37 |   0.0 |  1496
        Lair:6 |       0 |   32916 |   0.0 |       0 |      87 |   0.0 |  2498
       Swamp:1 |       0 |    3029 |   0.0 |       0 |      17 |   0.0 |   245
         Orc:1 |       0 |    1934 |   0.0 |       0 |      37 |   0.0 |   594
         Orc:2 |       0 |   13017 |   0.0 |       0 |      97 |   0.0 |  1633
         Sewer |       0 |     133 |   0.0 |       0 |      10 |   0.0 |   176
        Bailey |       0 |    4178 |   0.0 |       0 |      40 |   0.0 |   506
               +---------+---------+-------+---------+---------+-------+---------
